Map: Dasan Station LE

Players

TwinkleToes - Winner!

  • Race: Zerg Zerg
  • League: Bronze

Mike

  • Race: Terran Terran
  • League: Silver

VOD

Have the link to the VOD?

Description

Time

  • Played on: Aug. 6, 2016, 9:36 p.m.
  • Length: 14:16
Show
View Real Time Build Order
Export as new Build Order

TwinkleToes Zerg - Winner!

Build Orders: Hatch First 

Get SALT Encoding   

  12  0:01  Drone  
  13  0:12  Overlord  
  13  0:17  Drone  
  14  0:30  Drone  
  14  0:31  Drone  
  14  0:34  Drone  
  17  0:46  Drone  
  18  0:55  Hatchery  
  17  0:58  Drone  
  18  1:06  Extractor  
  18  1:08  Drone  
  18  1:16  Spawning Pool  
  17  1:24  Drone  
  18  1:30  Drone  
  19  1:38  Overlord  
  19  1:50  Drone  
  20  2:01  Drone  
  21  2:03  Queen  
  21  2:06  Metabolic Boost  
  21  2:08  Queen  
  23  2:11  Zergling x2  
  23  2:13  Zergling x2  
  27  2:19  Drone  
  27  2:22  Drone  
  29  2:31  Drone  
  29  2:33  Drone  
  31  2:48  Queen  
  31  2:51  Queen  
  33  2:53  Zergling x2  
  33  2:55  Overlord x2  
  36  3:03  Extractor  
  35  3:08  Roach Warren  
  35  3:11  Evolution Chamber  
  33  3:13  Drone  
  33  3:16  Drone, Evolution Chamber  
  33  3:19  Drone  
  35  3:22  Drone  
  36  3:37  Zergling x6  
  39  3:41  Zerg Ground Armor Level 1  
  39  3:45  Zerg Missile Weapons Level 1  
  39  3:47  Drone  
  40  3:50  Drone  
  41  4:00  Roach x2  
  45  4:02  Overlord  
  45  4:10  Spore Crawler  
  45  4:15  Queen  
  46  4:27  Roach x3  
  52  4:33  Roach  
  52  4:34  Roach  
  56  4:41  Roach x2  
  60  5:01  Hatchery  
  59  5:13  Overlord x2  
  59  5:14  Overlord  
  59  5:34  Roach x4  
  59  5:35  Roach  
  69  5:43  Roach x2  
  73  5:50  Lair  
  73  5:58  Roach  
  73  5:59  Roach  
  73  6:04  Ravager  
  78  6:06  Ravager  
  79  6:11  Extractor  
  79  6:14  Extractor  
  79  6:16  Queen  
  79  6:26  Roach  
  79  6:27  Roach x2  
  79  6:30  Ravager  
  86  6:35  Roach  
  88  6:48  Roach  
  88  6:51  Overlord x2  
  90  7:09  Queen, Roach x2  
  90  7:11  Roach  
  98  7:27  Roach x3  
  104  7:33  Drone x2  
  104  7:36  Overlord  
  106  7:42  Overlord  
  106  8:17  Roach x3  
  106  8:18  Roach x5  
  122  8:20  Overseer  
  80  8:50  Roach x2  
  80  8:51  Roach x6  
  69  9:03  Roach x3  
  69  9:07  Drone  
  69  9:09  Drone  
  73  9:12  Drone  
  64  9:18  Roach  
  64  9:21  Drone x2  
  68  9:24  Drone  
  68  9:27  Drone  
  70  9:35  Drone  
  71  9:49  Zerg Ground Armor Level 2  
  71  9:51  Glial Reconstitution  
  71  10:11  Hydralisk Den  
  70  10:19  Ravager x2  
  72  10:23  Drone x2  
  72  10:26  Roach x2  
  72  10:28  Extractor, Roach x2  
  81  10:34  Drone x4  
  85  10:37  Overlord x2  
  85  10:38  Overlord  
  85  10:43  Hydralisk  
  87  10:53  Hydralisk  
  87  10:54  Hydralisk  
  80  11:27  Hydralisk x7  
  80  11:28  Hydralisk  
  97  11:32  Drone  
  97  11:33  Drone  
  98  11:41  Muscular Augments  
  98  11:43  Hydralisk  
  100  11:48  Drone x2  
  100  11:53  Overlord  
  102  11:56  Drone  
  102  11:57  Drone  
  104  12:03  Hydralisk  
  106  12:11  Roach  
  106  12:12  Hydralisk x2  
  112  12:18  Drone  
  112  12:19  Drone  
  114  12:29  Hatchery  
  113  12:32  Drone  
  113  12:33  Drone  
  113  12:34  Hydralisk  
  117  12:38  Hydralisk  
  119  12:49  Ravager  
  121  12:51  Ravager  
  121  12:56  Hydralisk  
  121  12:57  Hydralisk x2  
  127  13:15  Hydralisk, Roach  
  127  13:16  Hydralisk x4  
  139  13:20  Hydralisk  
  108  13:49  Hydralisk x3  
  108  13:50  Hydralisk x2  
Show
View Real Time Build Order
Export as new Build Order

Mike Terran 

Build Orders: MMM Bio 

Get SALT Encoding   

  12  0:01  SCV  
  13  0:13  SCV  
  14  0:17  Supply Depot  
  14  0:25  SCV  
  15  0:39  SCV  
  16  0:43  Barracks  
  16  0:51  SCV  
  17  1:03  SCV  
  18  1:15  SCV  
  19  1:26  Command Center  
  19  1:29  Marine  
  20  1:35  SCV  
  21  1:49  Command Center  
  21  1:52  Marine  
  22  1:56  Refinery  
  22  2:06  SCV  
  23  2:09  Refinery  
  23  2:19  Supply Depot  
  23  2:24  Engineering Bay  
  23  2:37  Marine, Orbital Command  
  24  2:46  Supply Depot  
  24  3:01  Planetary Fortress  
  24  3:11  SCV  
  25  3:24  Planetary Fortress  
  25  3:28  SCV  
  26  3:40  SCV  
  27  3:43  Hi-Sec Auto Tracking  
  27  3:46  Missile Turret  
  27  3:52  SCV  
  27  3:53  Missile Turret  
  28  3:57  SCV  
  29  4:04  Refinery, SCV  
  29  4:09  SCV  
  32  4:10  Barracks Tech Lab, SCV  
  32  4:13  Missile Turret  
  32  4:16  SCV  
  33  4:21  SCV, Sensor Tower  
  33  4:22  SCV  
  35  4:28  SCV  
  36  4:33  SCV  
  36  4:34  SCV  
  36  4:36  Stimpack  
  36  4:38  Marauder  
  40  4:40  SCV  
  40  4:45  Terran Infantry Weapons Level 1, SCV  
  41  4:46  SCV  
  41  4:52  SCV  
  44  4:58  SCV x2  
  46  5:01  Supply Depot  
  46  5:04  SCV  
  46  5:06  Sensor Tower  
  47  5:10  SCV x2  
  47  5:12  Marauder  
  51  5:16  SCV  
  51  5:20  Barracks  
  52  5:22  SCV x2  
  54  5:28  SCV  
  54  5:34  Marauder, SCV x2  
  54  5:35  Refinery  
  59  5:46  SCV x2  
  59  5:47  Factory  
  61  5:51  Command Center, SCV  
  62  5:58  SCV  
  63  6:10  SCV  
  64  6:17  Command Center  
  64  6:22  Barracks Tech Lab, SCV  
  64  6:24  Barracks  
  64  6:25  Missile Turret  
  65  6:29  Barracks  
  65  6:30  Barracks  
  65  6:42  Terran Infantry Armor Level 1  
  65  6:44  Starport  
  65  6:45  Missile Turret  
  65  6:46  Factory Tech Lab  
  65  6:48  SCV x2  
  65  6:49  SCV  
  65  6:51  Marauder  
  65  6:52  Marauder  
  65  6:53  Concussive Shells  
  72  6:54  Combat Shields  
  72  7:00  SCV x2  
  72  7:01  SCV  
  75  7:03  Planetary Fortress  
  75  7:06  Refinery, Missile Turret  
  75  7:12  SCV  
  75  7:13  SCV x2  
  78  7:17  Barracks Tech Lab  
  78  7:18  Barracks Tech Lab  
  78  7:24  SCV  
  78  7:25  SCV x2  
  78  7:27  Refinery  
  81  7:30  Planetary Fortress  
  81  7:32  Refinery  
  81  7:36  SCV  
  83  7:37  SCV x2  
  83  7:38  Marauder  
  83  7:41  Marauder x3  
  92  7:48  SCV  
  93  7:55  Marine  
  88  8:00  Marauder  
  88  8:02  Marauder x2  
  88  8:03  Marauder  
  90  8:13  Marine  
  91  8:21  Marauder  
  91  8:24  Marauder x3  
  99  8:31  Marine  
  89  8:42  Marauder  
  89  8:45  Marine, Marauder x2  
  94  8:48  Marine  
  88  9:03  Marauder  
  88  9:04  Marauder  
  88  9:06  Marine x3  
  95  9:19  SCV  
  95  9:20  SCV x3  
  95  9:21  SCV  
  100  9:24  Marine x3, Marauder  
  100  9:25  Marine  
  100  9:30  Refinery  
  100  9:31  SCV  
  107  9:44  Supply Depot  
  107  9:46  Supply Depot  
  107  9:55  Starport x2  
  107  9:57  Starport  
  107  9:59  Building Armor  
  107  10:00  Starport  
  107  10:05  Marine x2  
  107  10:06  SCV x5  
  114  10:07  Supply Depot  
  114  10:10  Supply Depot  
  114  10:16  Command Center  
  114  10:18  SCV x5  
  119  10:30  SCV x3  
  119  10:31  Corvid Reactor  
  119  10:34  Starport Tech Lab  
  119  10:35  Starport Tech Lab x2  
  122  10:36  Starport Tech Lab  
  122  10:41  SCV x2  
  122  10:42  SCV x3  
  127  10:57  Supply Depot  
  117  11:21  Supply Depot  
  116  11:35  Raven x3  
  116  11:36  Raven x2  
  126  11:43  Supply Depot, Sensor Tower  
  126  11:45  SCV x3  
  126  11:46  SCV x2  
  131  12:05  Supply Depot  
  131  12:10  Planetary Fortress  
  131  12:18  Raven x4  
  131  12:19  Raven  
  141  12:28  Supply Depot  
  141  12:50  Supply Depot  
  141  13:03  Command Center  
  141  13:12  Raven  
  141  13:13  Raven x4  
Tags
 
Add a new tag
Caveats
  • Supply blocks, unpowered buildings, or Contaminate may cause inaccurate times.
  • Supply counts are checked every 10 seconds.